 Dungeon Crawl Stone Soup version 0.29.0-11-gd7f09526c8 (webtiles) character file.

Game seed: 11197383188984700643

98 Lochraine the Chopper (level 4, -8/41 HPs)
             Began as a Hill Orc Monk on Sept 2, 2022.
             Mangled by a mummy (10 damage)
             ... in an ossuary.
             The game lasted 00:04:35 (2114 turns).

Lochraine the Chopper (Hill Orc Monk)               Turns: 2114, Time: 00:04:35

Health: -8/41      AC:  8    Str: 15    XL:     4   Next: 69%
Magic:  4/4        EV:  7    Int: 10    God:
Gold:   130        SH:  0    Dex: 13    Spells: 3/3 levels left

rFire   . . .      SeeInvis .   n - +4 morningstar (distort) {!w}
rCold   . . .      Faith    .   (no shield)
rNeg    . . .      Spirit   .   f - +0 chain mail
rPois   .          Reflect  .   (no helmet)
rElec   .          Harm     .   (no cloak)
rCorr   .          Rampage  .   (no gloves)
Will    .....                   (no boots)
Stlth   ..........              (no amulet)
HPRegen 0.13/turn               (no ring)
MPRegen 0.09/turn               (no ring)

@: marked
A: no striking features
a: no special abilities


You were in an ossuary.
You visited 1 branch of the dungeon, and saw 3 of its levels.
You also visited: Ossuary.

You collected 130 gold pieces.

Inventory:

Hand Weapons
 a - a +0 hand axe
 n - a +4 morningstar of distortion (weapon) {!w}
   (You found it on level 2 of the Dungeon)
Armour
 b - a +0 robe
 d - a +0 leather armour
   (You took it off an orc on level 4 of the Dungeon)
 f - a +0 chain mail (worn)
   (You found it on level 1 of the Dungeon)
 h - a +0 robe
   (You found it on level 1 of the Dungeon)
Scrolls
 g - a scroll of teleportation {@r4}
Potions
 c - a potion of ambrosia
 e - a potion of magic {unknown}
 i - a potion of mutation {!q}
 j - a potion of haste {unknown}
 m - a potion of curing {@q1}


   Skills:
 + Level 4.7 Fighting
 + Level 5.2 Axes
 + Level 2.4 Armour
 - Level 2.4 Dodging
 - Level 1.5 Stealth


You had 3 spell levels left.
You didn't know any spells.
Your spell library contained the following spells:

 Spells                   Type           Power      Damage    Failure   Level
 Sting                    Tmut/Pois      0%         1d3       100%        1
 Poisonous Vapours        Pois/Air       0%         N/A       100%        2
 Olgreb's Toxic Radiance  Pois           0%         N/A       100%        4


Dungeon Overview and Level Annotations

Branches:
Dungeon (2/15) Zot: 15919 Ossuary (1/1) Zot: 5949

Altars:

Annotations:
D:4 Blork the orc, Grinder


Message History

Found 16 gold pieces.
You hear the hiss of an avalanche of sand.
There is a sand-covered staircase here.
The world spins around you as you enter the gateway.
You enter an ossuary!
Found a gate leading back out of this place.
There is an empty arch of ancient stone here.
You open the door.
There is an open door here.
As you open the door, it creaks loudly!
There is an open door here.
Found a coppery potion and a scroll of immolation.
The mummy pulls the alarm!
The alarm trap emits a blaring wail!
A sentinel's mark forms upon you.
A mummy comes into view.
There is an open door here.
A mummy comes into view.
Unknown command.
A mummy breaks down the door.
A mummy comes into view.
You impale the mummy!!
The mummy blinks!
There is an open door here.
The mummy pulls the alarm!
The alarm trap emits a blaring wail!
The mark upon you grows brighter.
You hit the mummy.
Space warps horribly around the mummy!!
You destroy the mummy!
Your Armour skill increases to level 2!
You have reached level 4!
You hit the mummy but do no damage.
The mummy is devoured by a tear in reality.
Your Axes skill increases to level 5!
You barely miss the mummy. You barely miss the mummy. The mummy hits you!
You hit the mummy.
The mummy is devoured by a tear in reality.
A mummy comes into view.
You barely miss the mummy. The mummy hits you!
* * * LOW HITPOINT WARNING * * *
You puncture the mummy!
You destroy the mummy!
You start resting.
A mummy is nearby!
You barely miss the mummy. The mummy hits you.
* * * LOW HITPOINT WARNING * * *
You barely miss the mummy. The mummy hits you!
* * * LOW HITPOINT WARNING * * *
You sock the mummy!
Space warps around the mummy.
The mummy hits you!
You die...

##.....## #.+
##.......###..#
#.........#...+
+....⌠....'...#
#^.^......#...+
##......M###..#
##.....## #.+
###M### M# #@#
.# ##.## !?
#.∩.# #.∩.#
#####


You could see a mummy.

Vanquished Creatures
  2 mummies (Ossuary)
  2 adders
  A worm (D:2)
  A dart slug (D:1)
  An orc (D:4)
  A ball python (D:1)
  An endoplasm (D:4)
  A goblin (D:1)
  2 hobgoblins
  3 quokkas (D:1)
  4 bats (D:1)
  3 frilled lizards
  2 kobolds
  A rat (D:1)
25 creatures vanquished.

Notes
Turn   | Place    | Note
-------+----------+-------------------------------------------
     0 | D:1      | Lochraine the Hill Orc Monk began the quest for the Orb.
     0 | D:1      | Reached XP level 1. HP: 19/19 MP: 1/1
   234 | D:1      | Reached XP level 2. HP: 10/27 MP: 2/2
   680 | D:1      | Reached skill level 1 in Armour
  1688 | D:2      | Reached XP level 3. HP: 29/33 MP: 3/3
  1766 | D:2      | You fall into a shaft and drop 2 floors!
  1775 | D:4      | Noticed Blork the orc
  1960 | D:4      | Noticed Grinder
  2061 | D:4      | Found a sand-covered staircase.
  2068 | Ossuary  | Entered an ossuary
  2100 | Ossuary  | Reached XP level 4. HP: 41/41 MP: 4/4
  2101 | Ossuary  | Reached skill level 5 in Axes
  2113 | Ossuary  | HP: 2/41 [mummy (8)]
  2114 | Ossuary  | Mangled by a mummy

Illustrated notes

Levels and vault maps discovered:
D:1:      minmay_arrival_checkered_box, layout_loops_ring,
          hangedman_decor_opposing
D:2:      layout_basic, grunt_decor_fettered
D:4:      layout_basic, lemuel_tele_altar, minmay_temple_entry_sparse_star,
          enter_ossuary_1, uniq_grinder, uniq_blork_the_orc
Ossuary:  ossuary_crypta

Skill      XL: |  1  2  3  4 |
---------------+-------------+-----
Armour         | 1 2 |  2.4
Fighting       | 4 |  4.7
Axes           | 5 |  5.2
Dodging        | |  2.4
Stealth        | |  1.5

Action                   |  1- 3 |  4- 6 || total
-------------------------+-------+-------++-------
Melee: Hand axe          |    89 |       ||    89
       Morningstar       |    16 |     9 ||    25
  Use: Scroll            |     6 |       ||     6
 Stab: Sleeping          |     3 |       ||     3
Armor: Robe              |     2 |       ||     2
       Chain mail        |    34 |       ||    34
Dodge: Dodged            |    41 |       ||    41
